 Dungeon Crawl Stone Soup version 0.25-b1-23-ge2ad7d536c (webtiles) character file.

Game seed: 9194140590211572770, levelgen mode: deterministic

809 Ketzopolo the Ruffian (level 7, -8/71 HPs)
             Began as an Ogre Transmuter on June 3, 2020.
             Killed by nerve-wracking pain
             ... invoked by Menkaure
              (12 damage)
             ... on level 4 of the Dungeon.
             The game lasted 00:23:03 (5745 turns).

Ketzopolo the Ruffian (Ogre Transmuter)             Turns: 5745, Time: 00:23:03

Health: -8/71      AC:  2    Str: 15    XL:     7   Next: 92%
Magic:  18/22      EV: 21    Int: 15    God:
Gold:   152        SH:  0    Dex: 15    Spells: 4/14 levels left

rFire    . . .     SeeInvis .     - Unarmed
rCold    . . .     Gourm    .   (shield currently unavailable)
rNeg     . . .     Faith    .   (armour currently unavailable)
rPois    x         Spirit   .   (helmet currently unavailable)
rElec    .         Reflect  .   (cloak currently unavailable)
rCorr    .         Harm     .   (gloves unavailable)
MR       .....                  (boots unavailable)
Stlth    +.........             (no amulet)
HPRegen  0.21/turn              k - ring of magical power
MPRegen  0.18/turn              (no ring)

@: spider-form (expiring)
A: tiny, unfitting armour
a: End Transformation


You were on level 4 of the Dungeon.
You were not hungry.
You were a venomous arachnid creature.
You visited 1 branch of the dungeon, and saw 7 of its levels.

You collected 152 gold pieces.

Inventory:

Missiles
 a - 38 arrows
Armour
 b - a +1 robe (melded)
 j - a +2 cloak (melded)
Jewellery
 h - an uncursed ring of stealth {unknown}
 k - a ring of magical power (left front leg)
 n - an uncursed ring of protection from fire
Wands
 t - a wand of paralysis (8)
 w - a wand of polymorph (10)
 x - a wand of flame (14)
Scrolls
 e - 2 scrolls of identify
 f - a scroll of random uselessness {unknown}
 i - a scroll of fear
 m - 3 scrolls of teleportation
 q - a scroll of enchant armour
Potions
 c - 3 potions of flight
 g - a potion of resistance
 o - a potion of heal wounds
 p - 3 potions of curing
 r - 2 potions of haste
 s - a potion of lignification {unknown}
 u - a potion of magic {unknown}
 v - a potion of berserk rage {unknown}
 z - a potion of ambrosia {unknown}
Comestibles
 d - 6 rations
 l - 7 chunks of flesh


   Skills:
 + Level 4.5 Fighting
 + Level 3.1 Dodging
 * Level 5.2 Unarmed Combat
 + Level 4.0 Spellcasting
 + Level 3.3 Transmutations
 + Level 1.8 Ice Magic
 - Level 1.6 Poison Magic


You had 4 spell levels left.
You knew the following spells:

 Your Spells              Type           Power        Failure   Level  Hunger
a - Sticks to Snakes      Tmut           ##......     19%         2    ##.....
b - Spider Form           Tmut/Pois      ##........   41%         3    ###....
c - Ice Form              Ice/Tmut       ##......     73%         4    ####...
d - Beastly Appendage     Tmut           ##....       14%         1    None

Your spell library contained the following spells:

 Spells                   Type           Power        Failure   Level  Hunger
 Blade Hands              Tmut           ##........   90%         5    ######.


Dungeon Overview and Level Annotations

Branches:
Dungeon (7/15)
 Temple: D:4-7

Altars:
Fedhas
Hepliaklqana
Kikubaaqudgha
Nemelex Xobeh
Qazlal
Uskayaw
Xom
The Shining One

Annotations:
D:4 Menkaure


Innate Abilities, Weirdness & Mutations

You are too large for most types of armour.
((You have tough skin. (AC +1)))


Message History

Your adder convulses!
Your body is wracked with pain!
* * * LOW HITPOINT WARNING * * *
You hit the iguana.
The iguana is poisoned.
The iguana is almost dead.
Your adder closely misses Menkaure.
The iguana bites you!
* * * LOW HITPOINT WARNING * * *
Menkaure gestures wildly while chanting.
Menkaure seems to speed up.
Your adder bites Menkaure.
Your transformation is almost over.
Your adder bites Menkaure.
Menkaure hits your adder!!
Your adder dies!
You kill the iguana!
Your Spellcasting skill increases to level 4!
Menkaure says, "Why can't you leave me to my rest?"
There is an open door here.
You open the door.
Menkaure gestures at you while chanting.
Pain shoots through your body!
You die...

*****,,,*******,,,,*#.#######....
*,,,,*,,,,,#....#.,#..........
**,,,**,,,,'....#,,#..........
*******,,,,#....#,,#..........
*,,,,,,,,,,#....#,,#..........
*,,,,,,,,,,#...[',,#..........
**,#########....#####...##....
**#.......##'#.....#...##....
#.......#.s#.....#....#....
#.......#..#.....#....#....
#.......#..#.....+....#....
#.......#M##.....###.######
#.........>...#'####.###>..
#.............#...#...#....
#$............#...'...#....
#.............#...#...'....
#.............#...#######..


You could see Menkaure (fast).

Vanquished Creatures
  A sky beast (D:6)
  An ogre (D:4)
  2 bullfrogs
  A bullfrog skeleton (D:4)
  A hound (D:4)
  2 orc wizards
  A gnoll shaman (D:4)
  2 iguanas (D:4)
  2 worker ants
  6 gnolls
  10 adders
  A worm (D:2)
  2 dart slugs
  4 leopard geckos
  9 orcs
  7 ball pythons (D:2)
  6 bats
  6 giant cockroaches
  11 goblins
  5 hobgoblins
  4 jackals
  3 kobolds
  A quokka (D:4)
  5 frilled lizards
  A quokka skeleton (D:4)
  4 rats
98 creatures vanquished.

Vanquished Creatures (collateral kills)
  An orc priest (D:3)
  An iguana (D:3)
  A gnoll (D:4)
  2 orcs (D:3)
  A frilled lizard (D:2)
6 creatures vanquished.

Grand Total: 104 creatures vanquished

Notes
Turn   | Place    | Note
-------+----------+-------------------------------------------
     0 | D:1      | Ketzopolo the Ogre Transmuter began the quest for the Orb.
     0 | D:1      | Reached XP level 1. HP: 19/19 MP: 3/3
   317 | D:1      | Reached skill level 3 in Unarmed Combat
   317 | D:1      | Reached XP level 2. HP: 28/28 MP: 5/5
   789 | D:1      | Learned a level 2 spell: Sticks to Snakes
  1175 | D:2      | Reached XP level 3. HP: 32/36 MP: 6/6
  1235 | D:2      | Learned a level 3 spell: Spider Form
  1534 | D:2      | Reached XP level 4. HP: 44/44 MP: 7/7
  1583 | D:2      | Reached skill level 1 in Poison Magic
  2119 | D:2      | Reached XP level 5. HP: 38/50 MP: 9/9
  3018 | D:3      | Found an ancient bone altar of Kikubaaqudgha.
  3078 | D:3      | Reached skill level 4 in Unarmed Combat
  3392 | D:3      | Learned a level 4 spell: Ice Form
  3555 | D:3      | Reached XP level 6. HP: 58/61 MP: 10/10
  3847 | D:3      | Found a hide-covered altar of Uskayaw.
  4262 | D:4      | Found a stormy altar of Qazlal.
  4262 | D:4      | Found a blossoming altar of Fedhas.
  4580 | D:4      | Reached skill level 1 in Ice Magic
  4643 | D:4      | Reached XP level 7. HP: 58/68 MP: 12/12
  4831 | D:4      | Found a glowing golden altar of the Shining One.
  5145 | D:4      | You fall into a shaft and drop 3 floors!
  5409 | D:6      | Found a sparkling altar of Nemelex Xobeh.
  5421 | D:6      | Reached skill level 5 in Unarmed Combat
  5557 | D:6      | Found a shimmering altar of Xom.
  5558 | D:6      | Found a hazy altar of Hepliaklqana.
  5559 | D:6      | Noticed a spectral ugly thing
  5687 | D:5      | Entered Level 5 of the Dungeon
  5729 | D:4      | Noticed Menkaure
  5738 | D:4      | HP: 3/71 [iguana (10)]
  5745 | D:4      | Killed from afar by Menkaure

Illustrated notes

Levels and vault maps discovered:
D:1:      lightli_arrival_boilingwater, layout_basic, kennysheep_boxes
D:2:      layout_rooms, nicolae_overflow_hidden_temple, minmay_misc_feat_doors,
          minmay_snake_closets
D:3:      layout_loops_corners, marbit_many_paths,
          lemuel_coloured_pillars_altar, grunt_ministairs_6
D:4:      layout_gridville, grunt_temple_overflow_forces_of_nature,
          lemuel_crystal_altar, first_ration, grunt_ministairs_5, uniq_menkaure
D:5:      kennysheep_windowed_halls, layout_basic,
          nicolae_dithmenos_the_darkroom, yredelemnul_altar_generic
D:6:      layout_rooms, regret_index_temple_of_mockery, old_standard_altar,
          overflow_temple_1_default, kennysheep_mini_moat,
          minmay_manual_monstrance, uniq_edmund
D:7:      layout_basic, minmay_temple_entry_nine_rooms

Skill      XL: |  1  2  3  4  5  6  7 |
---------------+----------------------+-----
Unarmed Combat | 3 4 5 |  5.2
Fighting       | 2 3 4 |  4.5
Transmutations | 2 3 |  3.3
Poison Magic   | 1 |  1.6
Spellcasting   | 3 4 |  4.0
Dodging        | 2 3 |  3.1
Ice Magic      | 1 |  1.8

Action                   |  1- 3 |  4- 6 |  7- 9 || total
-------------------------+-------+-------+-------++-------
Melee: Unarmed           |   125 |   241 |    83 ||   449
       Punch             |     1 |     3 |     2 ||     6
 Cast: Sticks to Snakes  |     1 |    13 |     1 ||    15
       Spider Form       |       |     8 |     6 ||    14
  Use: Scroll            |       |    11 |       ||    11
 Stab: Sleeping          |       |     3 |       ||     3
       Distracted        |       |     1 |       ||     1
  Eat: Chunk             |     2 |    11 |     5 ||    18
Armor: Robe              |    51 |    81 |    23 ||   155
       Skin              |       |     3 |     2 ||     5
Dodge: Dodged            |    61 |   141 |    59 ||   261
